 Dungeon Crawl Stone Soup version 0.29-a0-819-g94b489e0ae (webtiles) character file.

Game seed: 8210261446699716080

7 s0urpup the Slasher (level 2, 0/24 HPs)
             Began as a Human Berserker on July 6, 2022.
             Was a Follower of Trog.
             Slain by a goblin
             ... wielding a +0 dagger
              (2 damage)
             ... on level 1 of the Dungeon.
             The game lasted 00:03:55 (387 turns).

s0urpup the Slasher (Human Berserker)                Turns: 387, Time: 00:03:56

Health: 0/24       AC:  8    Str: 17    XL:     2   Next: 5%
Magic:  2/2        EV:  7    Int:  7    God:    Trog [*.....]
Gold:   10         SH:  0    Dex: 12    Spells: 1/1 levels left

rFire   . . .      SeeInvis .   a - +0 falchion
rCold   . . .      Faith    .   (no shield)
rNeg    . . .      Spirit   .   e - +0 chain mail
rPois   .          Reflect  .   (no helmet)
rElec   .          Harm     .   (no cloak)
rCorr   .          Rampage  .   (no gloves)
Will    .....                   (no boots)
Stlth   ..........              (no amulet)
HPRegen 0.08/turn               (no ring)
MPRegen 0.08/turn               (no ring)

@: no status effects
A: no striking features
a: Renounce Religion, Berserk


You were on level 1 of the Dungeon.
You worshipped Trog.
Trog was aware of your devotion.
You visited 1 branch of the dungeon, and saw 1 of its levels.

You collected 10 gold pieces.

Inventory:

Hand Weapons
 a - a +0 falchion (weapon)
Armour
 b - a +0 animal skin
 c - a +0 leather armour
 e - a +0 chain mail (worn)
Scrolls
 d - a scroll of blinking {unknown}
 f - a scroll of amnesia {unknown}


   Skills:
 + Level 3.1 Fighting
 + Level 3.2 Long Blades
 + Level 2.0 Armour
 + Level 2.0 Dodging


You had one spell level left.
You didn't know any spells.
Your spell library was empty.

Dungeon Overview and Level Annotations

Branches:
Dungeon (1/15)

Altars:


Message History

You hit the jackal but do no damage. The bat hits you but does no damage.
The jackal barely misses you. The goblin hits you but does no damage.
The jackal bites you but does no damage.
The goblin hits you with a +0 dagger. The jackal closely misses you.
The jackal barely misses you.
You barely miss the jackal. The bat hits you but does no damage.
The jackal bites you but does no damage.
The jackal barely misses you. The goblin hits you but does no damage.
The bat hits you but does no damage. The goblin hits you but does no damage.
The jackal bites you but does no damage. x3
The goblin hits you but does no damage. The bat hits you but does no damage.
The goblin hits you but does no damage.
You barely miss the jackal. The bat hits you but does no damage.
The jackal barely misses you. x2; The jackal closely misses you.
The bat barely misses you. The goblin hits you with a +0 club.
* * * LOW HITPOINT WARNING * * *
The jackal barely misses you. The goblin hits you but does no damage.
The jackal barely misses you.
You barely miss the jackal. The bat hits you but does no damage.
The jackal bites you but does no damage. x3
The goblin hits you with a +0 club.
* * * LOW HITPOINT WARNING * * *
The goblin hits you but does no damage. The jackal barely misses you.
You barely miss the jackal. The bat hits you.
* * * LOW HITPOINT WARNING * * *
The bat hits you but does no damage. The jackal barely misses you.
The jackal bites you but does no damage.
The jackal barely misses you. The goblin hits you but does no damage.
The goblin barely misses you. The jackal barely misses you.
The bat barely misses you.
The jackal bites you but does no damage.
You hit the jackal.
You kill the jackal!
Trog accepts your kill. The bat barely misses you.
The jackal bites you but does no damage.
The bat hits you but does no damage. The jackal bites you.
* * * LOW HITPOINT WARNING * * *
The goblin hits you but does no damage. The goblin hits you with a +0 dagger.
You die...

### ..#... .. ... ..#.#.
♣.#... ).#.. ♣.... ..#..
♣...# ..#.♣ ♣...# #.#.#
♣♣♣.g.# #.#.#♣ ♣.♣hhg#
.....♣ ♣♣♣ ♣..@g# #.#.#♣
♣.♣ ♣..#bl.....
#[#.♣♣♣♣♣♣.♣♣♣..####....
#.#.............# ...
..#.#.......#.#.# b
###...........#.##
............#....#
###..............#
..##'....8.......#


You could see 2 jackals, a hobgoblin, 2 goblins, 2 bats and a frilled lizard.

Vanquished Creatures
  A dart slug (D:1)
  A goblin (D:1)
  A jackal (D:1)
  A bat (D:1)
  3 rats (D:1)
7 creatures vanquished.

Notes
Turn   | Place    | Note
-------+----------+-------------------------------------------
     0 | D:1      | s0urpup the Human Berserker began the quest for the Orb.
     0 | D:1      | Reached XP level 1. HP: 18/18 MP: 1/1
   346 | D:1      | Reached XP level 2. HP: 24/24 MP: 2/2
   387 | D:1      | Slain by a goblin

Illustrated notes

Levels and vault maps discovered:
D:1:      nicolae_arrival_somewhat_less_tricky_arrival, layout_basic,
          chequers_ecumenical_altar_grove, minmay_cupped

Action                   || total
-------------------------++-------
Melee: Falchion          ||    24
Armor: Chain mail        ||    66
Dodge: Dodged            ||    36

Table legend: (Time is in decaauts)
 A = Elapsed time spent in this place.
 B = Non-inter-level travel time spent in this place.
 C = Inter-level travel time spent in this place.
 D = Time resting spent in this place.
 E = Time spent auto-exploring this place.
 F = Levels seen in this place.
 G = Mean time per level.
                   A        B        C        D        E       F      G
               +--------+--------+--------+--------+--------+-----+--------+
         Total |    390 |     86 |    304 |      0 |      0 |   1 |  390.0 |
       Dungeon |    390 |     86 |    304 |      0 |      0 |   1 |  390.0 |
               +--------+--------+--------+--------+--------+-----+--------+

Top non-repeatable levels by time:
     D:1: 390 daAuts
